Map: District de Néokirk EC (Void)

Players

llllllllllll

  • Race: Terran Terran
  • League: Master
  • Spawn Location: 5:00

zuka - Winner!

  • Race: Protoss Protoss
  • League: Master
  • Spawn Location: 7:00

VOD

Have the link to the VOD?

Description

Time

  • Played on: Jan. 10, 2017, 2:18 p.m.
  • Length: 11:34
Show
View Real Time Build Order
Export as new Build Order

llllllllllll Terran 

Build Orders: Liberator Opening, Reaper Expand, MMM Bio 

Get SALT Encoding   

  12  0:00  SCV  
  13  0:13  SCV  
  14  0:19  Supply Depot  
  14  0:25  SCV  
  15  0:31  Refinery  
  15  0:40  SCV  
  16  0:45  Barracks  
  16  0:52  SCV  
  17  1:04  SCV  
  18  1:16  SCV  
  19  1:33  Orbital Command  
  19  1:35  Reaper  
  20  1:50  Command Center  
  20  1:59  SCV  
  21  2:05  Factory  
  21  2:08  Barracks Reactor  
  21  2:17  SCV  
  21  2:22  Supply Depot  
  22  2:24  Refinery  
  22  2:29  SCV  
  23  2:43  SCV  
  24  2:45  Marine x2  
  26  2:51  Widow Mine  
  26  2:53  Starport  
  26  2:55  SCV  
  29  3:04  Orbital Command  
  29  3:10  SCV  
  29  3:12  Marine x2  
  29  3:17  Liberator  
  31  3:23  Factory Tech Lab  
  31  3:29  Barracks  
  31  3:30  SCV x2  
  33  3:38  Marine  
  33  3:39  Marine  
  38  3:50  SCV  
  38  3:51  SCV  
  38  3:53  Barracks  
  40  3:56  Marine x2  
  40  4:02  SCV  
  43  4:04  Supply Depot  
  43  4:05  SCV  
  44  4:10  Factory Tech Lab  
  44  4:14  SCV  
  45  4:22  SCV  
  45  4:24  Stimpack  
  46  4:25  Marine x3  
  46  4:27  Engineering Bay  
  46  4:28  SCV  
  46  4:29  Supply Depot  
  46  4:43  Marine  
  43  4:51  Marine  
  41  4:58  SCV x2  
  43  5:02  Marine  
  43  5:03  Marine  
  45  5:09  Marine, Missile Turret  
  45  5:10  SCV  
  45  5:12  Marauder, Missile Turret  
  49  5:15  SCV  
  49  5:16  Factory Reactor  
  49  5:20  Marine  
  49  5:21  Marauder  
  53  5:22  SCV  
  53  5:24  Medivac  
  53  5:27  SCV  
  57  5:34  Supply Depot, SCV  
  58  5:39  SCV  
  57  5:44  Marine x2  
  57  5:45  Marine, Marauder  
  62  5:51  Supply Depot  
  62  5:56  SCV x2  
  64  6:01  Supply Depot  
  64  6:05  Combat Shields  
  64  6:07  Medivac  
  64  6:08  SCV  
  64  6:09  Marine x3  
  70  6:12  Marine  
  70  6:13  Refinery, SCV  
  72  6:21  Terran Infantry Weapons Level 1  
  72  6:26  Marine  
  72  6:27  Marine, Widow Mine  
  76  6:34  Marine x2  
  78  6:42  SCV x2  
  80  6:48  Refinery  
  80  6:49  Supply Depot  
  80  6:52  Medivac  
  82  6:58  Marine x4  
  86  7:10  Widow Mine  
  86  7:11  Medivac  
  86  7:14  Command Center  
  90  7:16  Marine  
  90  7:22  Barracks  
  91  7:23  Barracks, Medivac  
  91  7:27  Concussive Shells  
  91  7:29  SCV  
  94  7:43  Factory Reactor  
  94  7:50  Supply Depot  
  94  7:51  Supply Depot  
  94  7:52  Supply Depot  
  94  7:55  Armory  
  94  7:59  Engineering Bay  
  94  8:10  Barracks Reactor  
  94  8:11  Barracks Tech Lab  
  94  8:12  Marine x2, Medivac, SCV x2, Marauder x2  
  104  8:18  Terran Infantry Armor Level 1  
  104  8:24  SCV x2  
  104  8:26  Orbital Command  
  106  8:29  Missile Turret  
  106  8:31  Viking  
  106  8:33  Marauder  
  110  8:39  SCV  
  111  8:41  Viking  
  111  8:42  Starport  
  111  8:44  Factory Reactor  
  113  8:49  SCV  
  113  8:51  SCV  
  115  8:56  Terran Infantry Weapons Level 2  
  115  8:59  Supply Depot  
  115  9:00  SCV  
  115  9:01  SCV  
  117  9:06  Viking  
  119  9:11  Viking  
  119  9:13  Refinery, SCV x3  
  119  9:14  Refinery  
  124  9:20  Viking  
  124  9:22  Supply Depot  
  126  9:25  SCV  
  126  9:26  Viking  
  126  9:28  SCV  
  130  9:32  Terran Ship Weapons Level 1  
  130  9:35  SCV  
  131  9:39  Marine x2, Marauder  
  131  9:40  Marauder x2  
  131  9:43  Viking  
  139  9:46  Viking  
  139  9:50  Supply Depot  
  139  9:52  Supply Depot  
  141  9:55  Viking  
  143  10:01  Marauder  
  143  10:04  Marine x2, Marauder  
  149  10:12  SCV  
  149  10:13  SCV x2  
  152  10:16  Viking x2  
  156  10:25  Viking  
  156  10:27  SCV  
  159  10:32  Widow Mine x2  
  159  10:33  Marine x2  
Show
View Real Time Build Order
Export as new Build Order

zuka Protoss - Winner!

Build Orders: 1 Gate Expand, Oracle Opening, Colossus Rush 

Get SALT Encoding   

  12  0:01  Probe (Chrono Boost)  
  13  0:12  Probe (Chrono Boost)  
  14  0:18  Pylon  
  14  0:22  Probe (Chrono Boost)  
  15  0:36  Probe (Chrono Boost)  
  15  0:38  Gateway  
  16  0:46  Probe (Chrono Boost)  
  17  0:52  Assimilator  
  17  0:57  Probe (Chrono Boost)  
  18  1:08  Probe (Chrono Boost)  
  20  1:18  Probe (Chrono Boost)  
  20  1:25  Nexus  
  20  1:36  Cybernetics Core  
  20  1:39  Probe (Chrono Boost)  
  21  1:44  Assimilator  
  21  1:50  Probe (Chrono Boost)  
  22  1:54  Pylon  
  22  2:00  Probe (Chrono Boost)  
  23  2:13  Adept  
  23  2:15  Mothership Core (Chrono Boost)  
  27  2:28  Warp Gate  
  26  2:33  Probe (Chrono Boost)  
  27  2:38  Probe (Chrono Boost)  
  27  2:44  Probe (Chrono Boost)  
  29  2:46  Gateway  
  29  2:48  Probe (Chrono Boost)  
  30  2:54  Probe (Chrono Boost), Stargate  
  31  3:02  Probe (Chrono Boost)  
  31  3:05  Probe (Chrono Boost)  
  33  3:08  Gateway  
  33  3:13  Probe (Chrono Boost)  
  33  3:15  Probe (Chrono Boost)  
  33  3:19  Adept  
  37  3:24  Pylon  
  38  3:27  Probe (Chrono Boost)  
  38  3:29  Probe (Chrono Boost)  
  38  3:33  Oracle  
  39  3:40  Probe (Chrono Boost)  
  44  3:41  Probe (Chrono Boost)  
  44  3:51  Probe (Chrono Boost)  
  44  3:54  Robotics Facility  
  45  3:59  Probe (Chrono Boost)  
  45  4:01  Probe (Chrono Boost)  
  47  4:03  Pylon  
  47  4:05  Assimilator  
  47  4:06  Void Ray  
  51  4:17  Probe (Chrono Boost)  
  51  4:19  Probe (Chrono Boost)  
  53  4:28  Probe (Chrono Boost)  
  53  4:30  Pylon  
  53  4:31  Probe (Chrono Boost)  
  55  4:38  Probe (Chrono Boost)  
  56  4:49  Probe (Chrono Boost)  
  56  4:50  Probe (Chrono Boost)  
  54  4:59  Probe (Chrono Boost)  
  55  5:02  Probe (Chrono Boost)  
  55  5:04  Robotics Bay  
  56  5:08  Nexus  
  56  5:09  Observer  
  56  5:10  Probe (Chrono Boost)  
  56  5:11  Pylon  
  59  5:14  Probe (Chrono Boost)  
  59  5:15  Stalker x2  
  59  5:20  Assimilator  
  59  5:21  Probe (Chrono Boost)  
  64  5:25  Stalker  
  64  5:26  Probe (Chrono Boost)  
  67  5:30  Pylon  
  67  5:31  Probe (Chrono Boost)  
  68  5:38  Probe (Chrono Boost)  
  68  5:42  Probe (Chrono Boost)  
  70  5:44  Colossus  
  70  5:49  Void Ray  
  71  5:50  Probe (Chrono Boost)  
  71  5:54  Probe (Chrono Boost)  
  82  6:02  Probe (Chrono Boost), Adept  
  86  6:06  Probe (Chrono Boost)  
  86  6:07  Pylon  
  86  6:15  Pylon  
  86  6:19  Extended Thermal Lance  
  86  6:21  Probe (Chrono Boost), Forge  
  86  6:23  Probe (Chrono Boost)  
  88  6:27  Adept x2  
  88  6:32  Probe (Chrono Boost)  
  93  6:48  Adept x3  
  93  6:51  Probe (Chrono Boost)  
  93  6:52  Probe x2 (Chrono Boost)  
  93  6:53  Gateway  
  102  6:57  Gateway  
  102  7:04  Colossus  
  102  7:10  Stalker x2  
  102  7:11  Stalker  
  114  7:21  Pylon  
  114  7:27  Probe (Chrono Boost), Protoss Ground Weapons Level 1  
  114  7:28  Probe (Chrono Boost)  
  117  7:30  Gateway  
  117  7:33  Void Ray  
  116  7:38  Pylon  
  116  7:40  Pylon  
  120  7:54  Zealot x2  
  124  7:59  Gateway  
  124  8:02  Gateway  
  124  8:03  Zealot, Gateway  
  126  8:07  Twilight Council  
  126  8:11  Assimilator  
  126  8:15  Colossus  
  126  8:16  Assimilator  
  126  8:22  Photon Cannon  
  126  8:24  Photon Cannon  
  132  8:28  Zealot, Photon Cannon  
  132  8:29  Zealot x3  
  132  8:33  Pylon  
  140  8:37  Charge  
  140  8:42  Gateway  
  140  8:46  Pylon  
  141  8:48  Probe (Chrono Boost)  
  141  8:53  Probe (Chrono Boost)  
  143  8:59  Pylon  
  143  9:00  Probe (Chrono Boost)  
  143  9:02  Templar Archives  
  143  9:06  Pylon  
  143  9:08  Zealot x2  
  143  9:09  Zealot  
  148  9:25  Immortal, Stalker  
  148  9:26  Void Ray  
  148  9:30  Gateway  
  154  9:33  Gateway  
  158  9:53  Psionic Storm, Forge  
  158  9:54  Pylon  
  158  9:57  Pylon  
  158  10:00  High Templar  
  158  10:01  High Templar  
  158  10:02  High Templar  
  158  10:03  Pylon  
  158  10:04  High Templar  
  158  10:05  High Templar  
  168  10:21  Nexus  
  168  10:24  Immortal  
  168  10:28  High Templar x2  
  174  10:32  Zealot x2  
  180  10:43  Pylon  
  180  10:46  Pylon  
  180  10:50  Zealot x4  
  180  10:51  Zealot x3  
  194  11:10  Zealot x3  
  199  11:11  Pylon  
  180  11:30  Archon x3  
Tags
 
Add a new tag
Caveats
  • Supply blocks, unpowered buildings, or Contaminate may cause inaccurate times.
  • Supply counts are checked every 10 seconds.